 Dungeon Crawl Stone Soup version 0.28-a0-1616-g050a50673c (webtiles) character file.

Game seed: 3038142887139466572

33 hashsling the Insei (level 3, -2/29 HPs)
             Began as a Draconian Transmuter on Jan 22, 2022.
             Was an Initiate of Makhleb.
             Engulfed by a cloud of flame (16 damage)
             ... on level 2 of the Dungeon.
             The game lasted 00:03:03 (2016 turns).

hashsling the Insei (Draconian Transmuter)          Turns: 2016, Time: 00:03:03

Health: -2/29      AC:  5    Str: 12    XL:     3   Next: 12%
Magic:  6/6        EV: 12    Int: 13    God:    Makhleb [......]
Gold:   62         SH:  0    Dex: 13    Spells: 3/6 levels left

rFire   . . .      SeeInvis .     - Unarmed
rCold   . . .      Faith    .   (no shield)
rNeg    . . .      Spirit   .   (armour unavailable)
rPois   .          Reflect  .   (helmet restricted)
rElec   .          Harm     .   (no cloak)
rCorr   .          Rampage  .   (no gloves)
Will    .....                   (no boots)
Stlth   +.........              (no amulet)
HPRegen 0.09/turn               (no ring)
MPRegen 0.10/turn               (no ring)

@: no status effects
A: AC +5, unfitting armour, cold-blooded
a: Renounce Religion


You were on level 2 of the Dungeon.
You worshipped Makhleb.
Makhleb was noncommittal.
You visited 1 branch of the dungeon, and saw 2 of its levels.

You collected 62 gold pieces.

Inventory:

Magical Staves
 a - a staff of fire
Scrolls
 b - a scroll of acquirement {unknown}
 c - 4 scrolls of teleportation {unknown}
 g - a scroll of immolation {unknown}
Potions
 d - a potion of attraction {unknown}
 e - a potion of cancellation {unknown}
 f - a potion of flight {unknown}


   Skills:
 * Level 2.1 Fighting
 + Level 2.1 Dodging
 * Level 3.4 Unarmed Combat
 - Level 2.0 Spellcasting
 + Level 2.3 Transmutations


You had 3 spell levels left.
You knew the following spells:

 Your Spells              Type           Power      Damage    Failure   Level
a - Beastly Appendage     Tmut           14%        N/A       10%         1
b - Wereblood             Tmut           7%         N/A       16%         2

Your spell library contained the following spells:

 Spells                   Type           Power      Damage    Failure   Level
 Shock                    Conj/Air       4%         1d3       26%         1
 Spider Form              Tmut/Pois      4%         N/A       43%         3
 Swiftness                Air            1%         N/A       58%         3
 Ice Form                 Ice/Tmut       4%         N/A       85%         4
 Airstrike                Air            0%         N/A       94%         4


Dungeon Overview and Level Annotations

Branches:
Dungeon (2/15)

Altars:
Makhleb


Innate Abilities, Weirdness & Mutations

Your plain brown scales are hard. (AC +5)
You cannot fit into any form of body armour.
You are cold-blooded and may be slowed by cold attacks.


Message History

The quokka barely misses you.
You hit the quokka.
You kill the quokka!
Makhleb accepts your kill.
No target in view!
Your magical contamination has completely faded away.
Your transformation is almost over.
Your horns disappear.
Your talons disappear.
You see here a +0 robe.
You now have 62 gold pieces (gained 17).
You open the door.
There is an open door here.
You open the door. You open the door.
There is an open door here.
You open the door.
There is an open door here.
You open the door. You open the door.
There is an open door here.
There is an open door here.
There is an open door here.
You open the door.
There is an open door here.
You open the door.
There is an open door here.
You open the door.
There is an open door here.
You open the door. You open the door.
There is an open door here.
There is a stone staircase leading up here.
Partly explored, can't reach some items and places.
Partly explored, can't reach some items and places.
Really walk into a travel-excluded area?
You are engulfed in blazing flames.
Ouch! That really hurt!
You are engulfed in blazing flames.
Ouch! That really hurt!
You die...

#.#.##.## #§§.# #......##...
#...##..# #§..# #.###.).....
#.#....######...#####.#.........
#...##.#..§§..!..§§☼)...........
##...##.<..§§.[.(.§§§.........###
.+.#..###..○....?.☼§§........##
##.......#####...#####....##.#
#.......# #°§○# #....#..####
#.......# #§§@# #...#.......
#.......# #§○§# #......#####
#.......#####...#####....###
#...........###......#.....##
##...........# #.<..#........##
.............####.##..........#
#.#...........................##
..............###..............##
#############.# #.###............


There were no monsters in sight!

Vanquished Creatures
  2 dart slugs
  A ball python (D:1)
  3 bats (D:1)
  2 endoplasms (D:1)
  A giant cockroach (D:1)
  3 hobgoblins
  2 jackals (D:1)
  A kobold (D:2)
  3 quokkas
  4 frilled lizards
  2 goblins (D:1)
  3 rats (D:1)
27 creatures vanquished.

Notes
Turn   | Place    | Note
-------+----------+-------------------------------------------
     0 | D:1      | hashsling the Draconian Transmuter began the quest for the
                  | Orb.
     0 | D:1      | Reached XP level 1. HP: 16/16 MP: 3/3
   154 | D:1      | Reached XP level 2. HP: 23/23 MP: 3/5
   157 | D:1      | Learned a level 2 spell: Wereblood
   264 | D:1      | Found a faded altar of an unknown god.
  1294 | D:2      | Found a burning altar of Makhleb.
  1316 | D:2      | Became a worshipper of Makhleb the Destroyer
  1619 | D:2      | Reached XP level 3. HP: 24/29 MP: 2/6
  2016 | D:2      | Engulfed by a cloud of flame

Illustrated notes

Levels and vault maps discovered:
D:1:      scummos_arrival_hexagon, layout_basic, nicolae_ecumenical_lake_church,
          hangedman_decor_growths, minmay_pentomino_r4
D:2:      layout_rooms, basic_altar, minmay_door_square, lemuel_flame_loot_1

Skill      XL: |  1  2 |
---------------+-------+-----
Dodging        | 2 |  2.1
Fighting       | 2 |  2.1
Unarmed Combat | |  3.4
Spellcasting   | |  2.0
Transmutations | |  2.3

Action                   || total
-------------------------++-------
Melee: Unarmed           ||    72
       Kick              ||    13
       Headbutt          ||     9
       Tailslap          ||     7
       Punch             ||     2
 Cast: Beastly Appendage ||    22
Armor: Skin              ||    22
Dodge: Dodged            ||    38

Table legend: (Time is in decaauts)
 A = Elapsed time spent in this place.
 B = Non-inter-level travel time spent in this place.
 C = Inter-level travel time spent in this place.
 D = Time resting spent in this place.
 E = Time spent auto-exploring this place.
 F = Levels seen in this place.
 G = Mean time per level.
                   A        B        C        D        E       F      G
               +--------+--------+--------+--------+--------+-----+--------+
         Total |   2012 |   1992 |     20 |      0 |   1753 |   2 | 1006.0 |
       Dungeon |   2012 |   1992 |     20 |      0 |   1753 |   2 | 1006.0 |
               +--------+--------+--------+--------+--------+-----+--------+

Top non-repeatable levels by time:
     D:1: 1292 daAuts
     D:2: 719 daAuts
